 Dungeon Crawl Stone Soup version 0.21-a0-444-g29a2fec (webtiles) character file.

3943 waterbugbear the Fiendish (level 10, -12/61 HPs)
             Began as a Kobold Wanderer on Nov 16, 2017.
             Was a Priest of Makhleb.
             Mangled by a two-headed ogre
             ... wielding a +0 giant club
              (14 damage)
             ... on level 8 of the Dungeon on Nov 17, 2017.
             The game lasted 01:01:29 (11193 turns).

waterbugbear the Fiendish (Kobold Wanderer)        Turns: 11193, Time: 01:01:29

Health: -12/61     AC: 11    Str: 11    XL:     10   Next: 44%
Magic:  16/16      EV: 17    Int: 17    God:    Makhleb [***...]
Gold:   384        SH:  0    Dex: 16    Spells: 8/17 levels left

rFire    . . .     SeeInvis +   a - +0 long sword (holy)
rCold    . . .     Gourm    .   (shield restricted)
rNeg     . . .     Faith    .   b - +0 ring mail
rPois    .         Spirit   .   (no helmet)
rElec    .         Reflect  .   m - +2 cloak
rCorr    .         Harm     .   d - +2 pair of gloves
MR       .....                  (no boots)
Stlth    +.........             (no amulet)
HPRegen  0.20/turn              e - +3 ring of intelligence
MPRegen  0.15/turn              F - ring of see invisible

@: invisible
A: carnivore 3
a: Minor Destruction, Lesser Servant of Makhleb, Renounce Religion


You were on level 8 of the Dungeon.
You worshipped Makhleb.
Makhleb was most pleased with you.
You were completely stuffed.

You visited 1 branch of the dungeon, and saw 8 of its levels.

You collected 384 gold pieces.

Inventory:

Hand Weapons
 a - a +0 long sword of holy wrath (weapon)
Armour
 b - a +0 ring mail (worn)
 d - a +2 pair of gloves (worn)
 m - a +2 cloak (worn)
Jewellery
 e - a +3 ring of intelligence (left hand)
 F - a ring of see invisible (right hand)
Wands
 D - a wand of digging (23/24)
Scrolls
 c - a scroll of amnesia {unknown}
 t - 3 scrolls of remove curse
 u - a scroll of recharging
 y - 2 scrolls of teleportation {unknown}
 A - a scroll of random uselessness {unknown}
 B - 3 scrolls of magic mapping
 G - a scroll of enchant weapon {unknown}
Potions
 h - 2 potions of ambrosia
 k - a potion of degeneration {unknown}
 l - a potion of lignification {unknown}
 o - a potion of invisibility
 s - a potion of might {unknown}
 w - a potion of haste {unknown}
 x - a potion of cancellation {unknown}
 z - 2 potions of magic {unknown}
 E - a potion of agility {unknown}
Comestibles
 f - 2 meat rations
 g - 8 royal jellies
 i - 7 chunks of flesh


   Skills:
 * Level 6.3 Fighting
 + Level 2.6 Long Blades
 + Level 2.5 Armour
 * Level 6.9 Dodging
 - Level 1.3 Stealth
 - Level 4.3 Spellcasting
 - Level 4.6 Conjurations
   Level 2.0 Summonings
 - Level 2.0 Fire Magic
 - Level 6.2 Poison Magic
 * Level 7.4 Invocations
 - Level 1.2 Evocations


You had 8 spell levels left.
You knew the following spells:

 Your Spells              Type           Power        Failure   Level  Hunger
a - Flame Tongue          Conj/Fire      ###..        9%          1    None
b - Sting                 Conj/Pois      ###.         3%          1    None
c - Mephitic Cloud        Conj/Pois/Air  ###.....     24%         3    ###....
d - Olgreb's Toxic Radia  Pois           ###.....     26%         4    ####...


Dungeon Overview and Level Annotations

Branches:
Dungeon (8/15)             Temple (0/1) D:5
   Lair: D:8-11

Altars:
Ashenzari
Cheibriados
Dithmenos
Gozag
Hepliaklqana
Makhleb
Okawaru
Vehumet
Wu Jian

Annotations:
D:3 exclusions: downstairs and ogre
D:6 isock's ghost, novice GnWn


Innate Abilities, Weirdness & Mutations

You are small and have problems with some larger weapons.
You are carnivorous and can eat meat at any time.


Message History

The zap hits the two-headed ogre.
The two-headed ogre is almost dead.
The two-headed ogre closely misses you.
The two-headed ogre hits you but does no damage.
Press: ? - help, Shift-Dir - straight line, f/p - two-headed ogre
Aim: a two-headed ogre, wielding two giant clubs (almost dead)
The zap hits the two-headed ogre.
The two-headed ogre is almost dead.
The two-headed ogre hits you with a giant club!
* * * LOW HITPOINT WARNING * * *
The two-headed ogre barely misses you.
Press: ? - help, Shift-Dir - straight line, f/p - two-headed ogre
Aim: a two-headed ogre, wielding two giant clubs (almost dead)
The zap misses the two-headed ogre.
You don't have enough health at the moment.
Unknown command.
It was a potion of invisibility.
You fade into invisibility!
The two-headed ogre hits you with a giant club!
You die...

###### ###############....#
#......'......#....#
+......#>.....#....#
#.[....#......#....#......
......##..##..#.@..#.....##
########..##..#.O..#......#
#........#####....#......#
#........#........#.....#
#........#........#.)...#
#........#........#.....#
###...#####........#(###+#...
......#######.....##)#......#
.#..........#)...)#))#......#


You could see a two-headed ogre.

Vanquished Creatures
  An ugly thing (D:7)
  2 hippogriffs (D:7)
  A troll (D:7)
  Grinder (D:5)
  A hornet (D:7)
  A yak (D:8)
  3 hogs (D:8)
  A human (D:8)
  Menkaure (D:4)
  A sky beast (D:6)
  2 ogres (D:4)
  A necrophage (D:7)
  A centaur (D:8)
  3 phantoms
  A big kobold (D:8)
  A water moccasin zombie (D:7)
  3 scorpions
  2 crimson imps
  A bullfrog zombie (D:7)
  2 orc priests (D:8)
  A hound (D:7)
  2 jellies
  A bullfrog skeleton (D:6)
  An iguana (D:7)
  3 orc wizards
  9 worker ants
  A hound zombie (D:7)
  4 gnolls
  5 adders
  A shadow imp (D:6)
  An ooze (D:3)
  2 adder skeletons
  3 dart slugs (D:1)
  5 worms
  6 leopard geckos
  20 orcs
  2 giant cockroaches (D:2)
  5 goblins
  9 hobgoblins
  6 jackals
  17 kobolds
  5 quokkas
  A ball python (D:2)
  10 bats
  4 frilled lizards
  A leopard gecko skeleton (D:4)
  2 quokka skeletons
  11 rats
168 creatures vanquished.

Notes
Turn   | Place    | Note
-------+----------+-------------------------------------------
     0 | D:1      | waterbugbear the Kobold Wanderer began the quest for the Orb.
     0 | D:1      | waterbugbear set off with: a Young Poisoner's Handbook, the Guide on Flames, a wand of random effects (15/48), a +0 robe, a +0 dagger, a meat ration
     0 | D:1      | Reached XP level 1. HP: 10/10 MP: 5/5
     0 | D:1      | Identified the Guide on Flames
     2 | D:1      | Learned a level 1 spell: Flame Tongue
     4 | D:1      | Learned a level 1 spell: Sting
   560 | D:1      | Reached XP level 2. HP: 5/15 MP: 0/7
   788 | D:1      | You fall through a shaft!
  1423 | D:1      | Reached skill level 1 in Conjurations
  1423 | D:1      | Reached XP level 3. HP: 19/19 MP: 5/8
  1428 | D:1      | Learned a level 3 spell: Mephitic Cloud
  2428 | D:2      | Found a burning altar of Makhleb.
  2452 | D:2      | Became a worshipper of Makhleb the Destroyer
  2605 | D:2      | Reached XP level 4. HP: 21/24 MP: 3/10
  2668 | D:2      | Learned a level 4 spell: Olgreb's Toxic Radiance
  3065 | D:2      | Found an iron altar of Okawaru.
  3416 | D:3      | Noticed an ogre
  3574 | D:3      | Found a shattered altar of Ashenzari.
  3581 | D:3      | Reached skill level 1 in Invocations
  3899 | D:3      | Reached * piety under Makhleb
  4072 | D:3      | Found a shadowy altar of Dithmenos.
  4372 | D:4      | Noticed Menkaure
  4458 | D:4      | Reached XP level 5. HP: 28/28 MP: 8/11
  4482 | D:4      | Noticed an ogre
  4710 | D:4      | Found a snail-covered altar of Cheibriados.
  4863 | D:4      | Found an ornate altar of the Wu Jian Council.
  5007 | D:4      | Noticed an ogre
  5300 | D:4      | Noticed a phantom
  5695 | D:4      | Killed an ogre
  5695 | D:4      | Reached skill level 2 in Invocations
  5695 | D:4      | Reached XP level 6. HP: 32/32 MP: 4/12
  5760 | D:4      | Killed Menkaure
  5760 | D:4      | Reached XP level 7. HP: 20/36 MP: 8/13
  5916 | D:4      | Reached skill level 5 in Poison Magic
  5916 | D:4      | Reached skill level 3 in Invocations
  6279 | D:5      | Entered Level 5 of the Dungeon
  6472 | D:4      | Reached skill level 1 in Dodging
  6789 | D:5      | Reached skill level 1 in Fighting
  6789 | D:5      | Reached XP level 8. HP: 43/43 MP: 11/14
  6856 | D:5      | Found a staircase to the Ecumenical Temple.
  7136 | D:5      | Noticed Grinder
  7150 | D:5      | Killed Grinder
  7150 | D:5      | Reached skill level 4 in Invocations
  7314 | D:6      | Noticed isock's ghost (novice GnWn)
  7820 | D:6      | Found an opulent altar of Gozag.
  8369 | D:6      | Found a hazy altar of Hepliaklqana.
  8369 | D:6      | Found a radiant altar of Vehumet.
  8977 | D:7      | Reached ** piety under Makhleb
  9048 | D:7      | Reached XP level 9. HP: 51/51 MP: 12/15
  9083 | D:7      | Noticed a hippogriff
  9098 | D:7      | Killed a hippogriff
  9098 | D:7      | Reached skill level 5 in Invocations
  9541 | D:7      | Upgraded the game from 0.21-a0-442-g848f44b to 0.21-a0-444-g29a2fec
  9660 | D:7      | Noticed a hippogriff
  9665 | D:7      | Killed a hippogriff
  9665 | D:7      | Reached skill level 1 in Long Blades
  9665 | D:7      | Reached skill level 1 in Armour
  9848 | D:7      | Noticed a hornet
  9898 | D:7      | Killed a hornet
 10120 | D:7      | Reached skill level 5 in Dodging
 10120 | D:7      | Reached skill level 6 in Invocations
 10147 | D:7      | Noticed a troll
 10149 | D:7      | Noticed a green ugly thing
 10156 | D:7      | Killed a troll
 10156 | D:7      | Reached skill level 5 in Fighting
 10161 | D:7      | Killed a green ugly thing
 10161 | D:7      | Reached XP level 10. HP: 19/59 MP: 16/16
 10903 | D:8      | Found a burning altar of Makhleb.
 11017 | D:8      | Reached skill level 7 in Invocations
 11132 | D:8      | Reached *** piety under Makhleb
 11167 | D:8      | Noticed a two-headed ogre
 11191 | D:8      | HP: 2/61 [two-headed ogre/giant club (13)]
 11193 | D:8      | Mangled by a two-headed ogre

Vault maps used:
D:1:      dpeg_arrival_arbitrary_c
D:2:      okawaru_altar_gauntlet_db, lemuel_tele_altar
D:3:      nicolae_overflow_crystal_walls,
          nicolae_dithmenos_through_a_glass_darkly
D:4:      kennysheep_little_box, marbit_many_paths, first_bread, uniq_menkaure
D:5:      minmay_temple_entry_nine_rooms, uniq_grinder
D:6:      lemuel_doored_altar, gammafunk_temple_overflow_pools
D:7:      minmay_cornered_nines, kennysheep_small_square
D:8:      kennysheep_ying_yang, bloody_makhleb, grunt_livestock, uniq_grum

Skill      XL: |  1  2  3  4  5  6  7  8  9 10 |
---------------+-------------------------------+-----
Poison Magic   | 2 3 4 5 6 |  6.2
Conjurations   | 1 2 3 4 |  4.6
Fire Magic     | 2 |  2.0
Invocations    | 1 2 3 4 6 7 |  7.4
Dodging        | 1 3 5 6 |  6.9
Fighting       | 1 3 5 6 |  6.3
Long Blades    | 2 |  2.6
Armour         | 1 2 |  2.5
Stealth        | |  1.3
Spellcasting   | |  4.3
Summonings     | |  2.0
Evocations     | |  1.2

Action                   |  1- 3 |  4- 6 |  7- 9 | 10-12 || total
-------------------------+-------+-------+-------+-------++-------
Melee: Dagger            |    53 |    15 |       |       ||    68
       Long sword        |       |       |   166 |    25 ||   191
 Cast: Sting             |    55 |    56 |    50 |       ||   161
       Flame Tongue      |    15 |    44 |    80 |       ||   139
Invok: Minor Destruction |       |       |    50 |    63 ||   113
  Use: Scroll            |       |     5 |    11 |       ||    16
       Potion            |       |       |     6 |     1 ||     7
 Stab: Sleeping          |     2 |       |       |       ||     2
  Eat: Chunk             |    13 |     8 |    16 |     3 ||    40
Armor: Robe              |     9 |     2 |     3 |       ||    14
       Leather armour    |       |       |    60 |       ||    60
       Ring mail         |       |       |    23 |    21 ||    44
Dodge: Dodged            |    28 |    19 |   194 |    38 ||   279
       Rpst.: Long sword |       |       |    62 |    13 ||    75

Table legend:
 A = Spawn XP
 B = Non-spawn XP
 C = Spawn XP percentage of total XP
 D = Spawn monster count
 E = Non-spawn monster count
 F = Spawn count percentage of total count
 G = Total turns spent on level
                    A         B        C        D         E        F      G
               +---------+---------+-------+---------+---------+-------+---------
         Total |       0 |    5633 |   0.0 |       0 |     168 |   0.0 | 11193
               +---------+---------+-------+---------+---------+-------+---------
           D:1 |       0 |      35 |   0.0 |       0 |      19 |   0.0 |  1602
           D:2 |       0 |      68 |   0.0 |       0 |      31 |   0.0 |  1620
           D:3 |       0 |      35 |   0.0 |       0 |      16 |   0.0 |  1390
           D:4 |       0 |     767 |   0.0 |       0 |      23 |   0.0 |  2229
           D:5 |       0 |     457 |   0.0 |       0 |      14 |   0.0 |  1023
           D:6 |       0 |     538 |   0.0 |       0 |      22 |   0.0 |  1373
           D:7 |       0 |    2338 |   0.0 |       0 |      21 |   0.0 |  1312
           D:8 |       0 |    1395 |   0.0 |       0 |      22 |   0.0 |   644
               +---------+---------+-------+---------+---------+-------+---------
